Heat vs Crunch

Created - Saturday, March 07, 2015 at 00:37

Goals
1 2 3 T
Heat 1 1 0 2
Crunch 0 1 0 1
Shots
1 2 3 T
Heat 11 8 6 25
Crunch 10 3 9 22

1st period

1. Heat , J.T. Miller 19 (Johan Larsson, Nikita Kucherov) at 7:51 (PP)

Penalties :
Chad Billins (SYR) for Goalie Interference (Minor) at 0:53, Karl Stollery (SYR) for Interference (Minor) at 6:11, Karl Stollery (SYR) for Diving (Minor) at 11:52, Matt Carkner (ABB) for Interference (Minor) at 19:02

2nd period

2. Heat , Corey Potter 6 (Tomas Fleischmann, Saku Koivu) at 7:35 (PP)
3. Crunch , Jordin Tootoo 27 (Ryan Strome, Taylor Pyatt) at 19:24 (PP)

Penalties :
Casey Wellman (SYR) for Hooking (Minor) at 7:32, Casey Wellman (SYR) for Boarding (Minor) at 9:07, Sami Vatanen (ABB) for Hooking (Minor) at 19:10

3rd period

No Goal

Penalties :
Chad Billins (SYR) for Cross-checking (Minor) at 2:19, Ryan Murphy (ABB) for Roughing (Minor) at 5:25, Corey Potter (ABB) for Hooking (Minor) at 6:08, Eric Boulton (ABB) for High sticking (Minor) at 13:35, Corey Potter (ABB) for Slashing (Minor) at 19:14

Goalie Stats

Tomas Vokoun (ABB), 21 saves from 22 shots - (0.955), W, 36-12-8, 60:00 minutes
Richard Bachman (SYR), 23 saves from 25 shots - (0.920), L, 23-9-4, 59:00 minutes

Players Stats for Heat

Player Name              G  A  P  +/- PIM S  H  SB GA TA FO     MP     PP MP  PK MP  
------------------------------------------------------------------------------------
Corey Potter             1  0  1   0  4   4  3  1  0  0  0/0    22:56   4:46   2:25 
Eric Boulton             0  0  0   0  2   0  1  0  1  1  0/0     8:35   0:00   0:00 
J.T. Miller              1  0  1   0  0   5  4  0  1  0  0/2    16:04   5:18   0:00 
Johan Larsson            0  1  1   0  0   0  2  0  2  0  8/14   16:04   5:18   0:00 
Matt Carkner             0  0  0   0  2   0  2  1  1  2  0/0    16:42   0:00   3:02 
Matt Ellis               0  0  0   0  0   2  0  2  2  1  3/8    12:22   0:00   3:46 
Max Reinhart             0  0  0   0  0   0  1  0  1  0  1/8    15:22   0:00   3:53 
Mike Komisarek           0  0  0   0  0   0  2  1  1  1  0/0    12:48   0:00   0:00 
Nikita Kucherov          0  1  1   0  0   3  0  0  1  1  0/0    16:04   5:18   0:00 
Radek Dvorak             0  0  0   0  0   2  0  0  0  0  0/1    14:43   0:00   3:14 
Ryan Murphy              0  0  0   0  2   3  1  2  0  0  0/0    20:45   4:53   2:36 
Saku Koivu               0  1  1   0  0   0  1  0  0  1  8/13   16:12   4:21   0:00 
Sami Vatanen             0  0  0   0  2   3  2  0  0  0  0/0    24:31   4:46   3:32 
Stephane Veilleux        0  0  0   0  0   0  2  2  1  0  0/0    14:04   0:00   3:04 
Sven Baertschi           0  0  0   0  0   0  2  0  2  0  0/0    16:12   4:21   0:00 
Tim Jackman              0  0  0   0  0   0  2  3  0  0  0/0     8:35   0:00   0:00 
Tomas Fleischmann        0  1  1   0  0   2  0  1  3  0  0/0    16:12   4:21   0:00 
Tyson Strachan           0  0  0   0  0   1  2  3  0  1  0/0    22:48   4:53   3:47 

Players Stats for Crunch

Player Name              G  A  P  +/- PIM S  H  SB GA TA FO     MP     PP MP  PK MP  
------------------------------------------------------------------------------------
Andre Petersson          0  0  0   0  0   5  1  1  1  0  0/0    15:50   0:00   4:48 
Brodie Reid              0  0  0   0  0   0  1  0  0  0  1/2     8:33   0:00   0:00 
Casey Wellman            0  0  0   0  4   0  1  0  0  1  4/8    15:30   4:22   0:00 
Chad Billins             0  0  0   0  4   0  2  2  1  1  0/0    21:55   6:10   3:03 
Corban Knight            0  0  0   0  0   2  0  0  1  1  2/8    16:34   0:00   4:51 
Danny Syvret             0  0  0   0  0   0  0  2  0  2  0/0    24:38   6:10   5:18 
Dustin Jeffrey           0  0  0   0  0   1  1  1  1  0  0/0    15:10   4:22   0:00 
Eriah Hayes              0  0  0   0  0   0  2  0  2  0  0/0    15:10   4:22   0:00 
Jordin Tootoo            1  0  1   0  0   2  0  0  0  0  0/0    14:42   3:17   0:00 
Karl Stollery            0  0  0   0  4   1  1  0  0  0  0/0    16:19   1:29   0:00 
Markus Lauridsen         0  0  0   0  0   2  3  0  0  1  0/0    19:14   0:00   4:21 
Matt Lindblad            0  0  0   0  0   1  1  0  0  0  0/0    14:18   0:00   4:51 
Mikael Samuelsson        0  0  0   0  0   3  0  0  1  0  1/2    10:49   0:00   0:00 
Nick Jensen              0  0  0   0  0   2  1  1  0  0  0/0    22:27   0:00   6:36 
Ryan Strome              0  1  1   0  0   1  2  0  2  0  10/11  14:42   3:17   0:00 
Taylor Pyatt             0  1  1   0  0   2  3  0  2  3  1/1    14:42   3:17   0:00 
Travis Oleksuk           0  0  0   0  0   0  1  0  2  0  7/14   13:34   0:00   4:48 
Zach Trotman             0  0  0   0  0   0  2  0  1  1  0/0    16:08   1:29   0:00 

3 Stars

1 - Tomas Vokoun (ABB)
2 - J.T. Miller (ABB)
3 - Jordin Tootoo (SYR)

Power Play

Heat - 2 on 6 Attempt(s) - 33.33%
Crunch - 1 on 6 Attempt(s) - 16.67%

Penalty Kill

Heat - 5 on 6 Attempt(s) - 83.33% - Score 0 goal in Penalty Kill
Crunch - 4 on 6 Attempt(s) - 66.67% - Score 0 goal in Penalty Kill

Team Stat

Heat - Hits : 27 - Faceoff Wins : 20 - Blocked Shots : 16 - Penalty Minutes : 12
Crunch - Hits : 22 - Faceoff Wins : 26 - Blocked Shots : 7 - Penalty Minutes : 12

Official

Referees : Unknown
Linesman : Unknown

Game Notes

No Game Note

Finance

Level 1 -- Attendance: 1361 (68.05%) -- Ticket Income $34,025
Level 2 -- Attendance: 700 (70.00%) -- Ticket Income $7,000
Total Attendance: 2061 (68.70%)
Total Ticket Income: $41,025
Other Income: $20,102
Total Income: $61,127

Heat

5 vs 5 Forward 
   Center                   Left Wing                Right Wing               Time % Phy DF OF 
 1 Saku Koivu               Sven Baertschi           Tomas Fleischmann        34     1   2  2  
 2 Johan Larsson            J.T. Miller              Nikita Kucherov          30     1   2  2  
 3 Max Reinhart             Stephane Veilleux        Radek Dvorak             24     1   2  2  
 4 Matt Ellis               Eric Boulton             Tim Jackman              12     1   2  2  

5 vs 5 Defense 
   Defense                  Defense                                           Time % Phy DF OF 
 1 Corey Potter             Sami Vatanen                                      35     1   2  2  
 2 Tyson Strachan           Ryan Murphy                                       30     1   2  2  
 3 Mike Komisarek           Matt Carkner                                      25     1   2  2  
 4 Sami Vatanen             Tyson Strachan                                    10     1   2  2  

PowerPlay Forward 
   Center                   Left Wing                Right Wing               Time % Phy DF OF 
 1 Saku Koivu               Sven Baertschi           Tomas Fleischmann        50     0   0  5  
 2 Johan Larsson            J.T. Miller              Nikita Kucherov          50     0   0  5  

PowerPlay Defense
   Defense                  Defense                                           Time % Phy DF OF 
 1 Corey Potter             Sami Vatanen                                      50     0   1  4  
 2 Tyson Strachan           Ryan Murphy                                       50     0   1  4  

Penalty Kill 4 Players Forward 
   Center                   Wing                     Time % Phy DF OF 
 1 Max Reinhart             Radek Dvorak             50     0   5  0  
 2 Matt Ellis               Stephane Veilleux        50     0   5  0  

Penalty Kill 4 Players Defense
   Defense                  Defense                  Time % Phy DF OF 
 1 Ryan Murphy              Corey Potter             50     0   5  0  
 2 Tyson Strachan           Matt Carkner             50     0   5  0  

Penalty Kill - 3 Players Forward 
   Forward                                           Time % Phy DF OF 
 1 Max Reinhart                                      50     0   5  0  
 2 Matt Ellis                                        50     0   5  0  

Penalty Kill - 3 Players Defense
   Defense                  Defense                  Time % Phy DF OF 
 1 Sami Vatanen             Corey Potter             50     0   5  0  
 2 Tyson Strachan           Matt Carkner             50     0   5  0  

4 vs 4 Forward 
   Center                   Wing                     Time % Phy DF OF 
 1 Saku Koivu               Tomas Fleischmann        50     1   2  2  
 2 Johan Larsson            Sven Baertschi           50     1   2  2  

4 vs 4 Defense
   Defense                  Defense                  Time % Phy DF OF 
 1 Tyson Strachan           Sami Vatanen             50     1   2  2  
 2 Corey Potter             Ryan Murphy              50     1   2  2  

Last Minutes Offensive
   Center                   Left Wing                Right Wing               Defense                  Defense                  
   Saku Koivu               Tomas Fleischmann        Sven Baertschi           Ryan Murphy              Sami Vatanen             

Last Minutes Defensive
   Center                   Left Wing                Right Wing               Defense                  Defense                  
   Johan Larsson            Matt Ellis               Stephane Veilleux        Tyson Strachan           Corey Potter             

Goaltenders
Starting : Tomas Vokoun             
Backup : Eddie Pasquale           

Extra Forwards
Normal : Stephane Veilleux, Max Reinhart, Nikita Kucherov - PP : Sven Baertschi, Tomas Fleischmann - PK : Max Reinhart
Extra Defensemen
Normal : Corey Potter, Ryan Murphy, Tyson Strachan - PP : Corey Potter - PK : Sami Vatanen, Ryan Murphy
Penalty Shots
Nikita Kucherov, Max Reinhart, Sven Baertschi, Tim Jackman, Stephane Veilleux

Crunch

5 vs 5 Forward 
   Center                   Left Wing                Right Wing               Time % Phy DF OF 
 1 Ryan Strome              Jordin Tootoo            Taylor Pyatt             30     1   2  2  
 2 Casey Wellman            Dustin Jeffrey           Eriah Hayes              30     1   2  2  
 3 Corban Knight            Andre Petersson          Mikael Samuelsson        25     1   2  2  
 4 Travis Oleksuk           Matt Lindblad            Brodie Reid              15     1   3  1  

5 vs 5 Defense 
   Defense                  Defense                                           Time % Phy DF OF 
 1 Danny Syvret             Chad Billins                                      34     1   2  2  
 2 Zach Trotman             Karl Stollery                                     33     1   2  2  
 3 Nick Jensen              Markus Lauridsen                                  33     1   2  2  
 4 Danny Syvret             Chad Billins                                      0      0   5  0  

PowerPlay Forward 
   Center                   Left Wing                Right Wing               Time % Phy DF OF 
 1 Ryan Strome              Jordin Tootoo            Taylor Pyatt             50     0   1  4  
 2 Casey Wellman            Dustin Jeffrey           Eriah Hayes              50     0   1  4  

PowerPlay Defense
   Defense                  Defense                                           Time % Phy DF OF 
 1 Danny Syvret             Chad Billins                                      60     0   2  3  
 2 Zach Trotman             Karl Stollery                                     40     0   2  3  

Penalty Kill 4 Players Forward 
   Center                   Wing                     Time % Phy DF OF 
 1 Travis Oleksuk           Andre Petersson          50     1   4  0  
 2 Corban Knight            Matt Lindblad            50     1   4  0  

Penalty Kill 4 Players Defense
   Defense                  Defense                  Time % Phy DF OF 
 1 Nick Jensen              Markus Lauridsen         50     1   4  0  
 2 Danny Syvret             Chad Billins             50     1   4  0  

Penalty Kill - 3 Players Forward 
   Forward                                           Time % Phy DF OF 
 1 Travis Oleksuk                                    50     1   4  0  
 2 Corban Knight                                     50     1   4  0  

Penalty Kill - 3 Players Defense
   Defense                  Defense                  Time % Phy DF OF 
 1 Nick Jensen              Markus Lauridsen         50     1   4  0  
 2 Danny Syvret             Chad Billins             50     1   4  0  

4 vs 4 Forward 
   Center                   Wing                     Time % Phy DF OF 
 1 Ryan Strome              Taylor Pyatt             50     0   2  3  
 2 Casey Wellman            Dustin Jeffrey           50     0   2  3  

4 vs 4 Defense
   Defense                  Defense                  Time % Phy DF OF 
 1 Danny Syvret             Chad Billins             50     1   2  2  
 2 Zach Trotman             Karl Stollery            50     1   2  2  

Last Minutes Offensive
   Center                   Left Wing                Right Wing               Defense                  Defense                  
   Ryan Strome              Jordin Tootoo            Taylor Pyatt             Danny Syvret             Chad Billins             

Last Minutes Defensive
   Center                   Left Wing                Right Wing               Defense                  Defense                  
   Casey Wellman            Andre Petersson          Taylor Pyatt             Danny Syvret             Chad Billins             

Goaltenders
Starting : Richard Bachman          
Backup : John Curry               

Extra Forwards
Normal : Ryan Strome, Casey Wellman, Taylor Pyatt - PP : Ryan Strome, Casey Wellman - PK : Taylor Pyatt
Extra Defensemen
Normal : Danny Syvret, Chad Billins, Karl Stollery - PP : Danny Syvret - PK : Danny Syvret, Chad Billins
Penalty Shots
Eriah Hayes, Ryan Strome, Casey Wellman, Jordin Tootoo, Corban Knight

% Time on Ice - Heat

Lines # - Real PCT - Wanted PCT - Time Play
Normal Forward
1 - 29% - 34% - 12:34
2 - 25% - 30% - 10:47
3 - 25% - 24% - 10:46
4 - 20% - 12% - 8:35
Normal Defense
1 - 37% - 35% - 15:46
2 - 32% - 30% - 13:33
3 - 30% - 25% - 12:48
4 - 1% - 10% - 0:35
PP Forward
1 - 45% - 50% - 4:21
2 - 55% - 50% - 5:18
PP Defense
1 - 49% - 50% - 4:46
2 - 51% - 50% - 4:53
PK Forward
1 - 51% - 50% - 3:14
2 - 49% - 50% - 3:09
PK Defense
1 - 54% - 50% - 3:27
2 - 46% - 50% - 2:56
PK3 Forward
1 - 51% - 50% - 0:39
2 - 49% - 50% - 0:37
PK3 Defense
1 - 33% - 50% - 0:25
2 - 67% - 50% - 0:51
44 Forward
1 - 0% - 50%
2 - 0% - 50%
44 Defense
1 - 0% - 50%
2 - 0% - 50%
Last Minute Offensive  - 0:00
Last Minute Defensive  - 0:00
Total
Forward - 60:00
Defense - 60:00

% Time on Ice - Crunch

Lines # - Real PCT - Wanted PCT - Time Play
Normal Forward
1 - 27% - 30% - 11:35
2 - 27% - 30% - 11:42
3 - 25% - 25% - 10:49
4 - 20% - 15% - 8:33
Normal Defense
1 - 30% - 34% - 12:57
2 - 37% - 33% - 15:37
3 - 33% - 33% - 14:05
4 - 0% - 0% - 0:00
PP Forward
1 - 43% - 50% - 3:17
2 - 57% - 50% - 4:22
PP Defense
1 - 81% - 60% - 6:10
2 - 19% - 40% - 1:29
PK Forward
1 - 50% - 50% - 4:48
2 - 50% - 50% - 4:51
PK Defense
1 - 45% - 50% - 4:21
2 - 55% - 50% - 5:18
PK3 Forward
1 - 0% - 50%
2 - 0% - 50%
PK3 Defense
1 - 0% - 50%
2 - 0% - 50%
44 Forward
1 - 0% - 50%
2 - 0% - 50%
44 Defense
1 - 0% - 50%
2 - 0% - 50%
Last Minute Offensive  - 0:03
Last Minute Defensive  - 0:00
Total
Forward - 60:00
Defense - 60:00

Play by Play

1st period


0:01 of 1st period - Ryan Strome wins face-off versus Saku Koivu in neutral zone.
0:53 of 1st period - Minor Penalty to Chad Billins for Goalie Interference.
0:54 of 1st period - Johan Larsson wins face-off versus Travis Oleksuk in Crunch zone.
1:03 of 1st period - Snap shot by Nikita Kucherov.
1:03 of 1st period - Stopped by Richard Bachman with a rebound.
1:19 of 1st period - Wrist shot by Nikita Kucherov.
1:19 of 1st period - Stopped by Richard Bachman without a rebound.
1:20 of 1st period - Saku Koivu wins face-off versus Corban Knight in Crunch zone.
1:31 of 1st period - Slapshot by Sami Vatanen.
1:31 of 1st period - Stopped by Richard Bachman without a rebound.
1:32 of 1st period - Saku Koivu wins face-off versus Travis Oleksuk in Crunch zone.
2:53 of 1st period - Penalty to Chad Billins is over, Chad Billins is back on ice.
3:18 of 1st period - Ryan Murphy is hit by Dustin Jeffrey and loses puck.
3:48 of 1st period - Snap shot by Taylor Pyatt.
3:48 of 1st period - Shot Misses the Net.
3:50 of 1st period - Slapshot by Ryan Strome.
3:50 of 1st period - Shot Misses the Net.
3:52 of 1st period - Snap shot by Ryan Strome.
3:52 of 1st period - Shot Blocked by Tyson Strachan.
3:54 of 1st period - Snap shot by Karl Stollery.
3:54 of 1st period - Stopped by Tomas Vokoun without a rebound.
3:55 of 1st period - Matt Ellis wins face-off versus Ryan Strome in Heat zone.
4:08 of 1st period - Wrist shot by Taylor Pyatt.
4:08 of 1st period - Shot Blocked by Tim Jackman.
4:10 of 1st period - Snap shot by Taylor Pyatt.
4:10 of 1st period - Deflect By Ryan Strome.
4:10 of 1st period - Stopped by Tomas Vokoun with a rebound.
4:12 of 1st period - Snap shot by Taylor Pyatt.
4:12 of 1st period - Stopped by Tomas Vokoun with a rebound.
4:44 of 1st period - Wrist shot by Andre Petersson.
4:44 of 1st period - Stopped by Tomas Vokoun with a rebound.
4:46 of 1st period - Slapshot by Corban Knight.
4:46 of 1st period - Shot Blocked by Matt Ellis.
4:48 of 1st period - Slapshot by Danny Syvret.
4:48 of 1st period - Shot Blocked by Tim Jackman.
4:54 of 1st period - Snap shot by Mikael Samuelsson.
4:54 of 1st period - Stopped by Tomas Vokoun with a rebound.
5:07 of 1st period - Icing by Matt Carkner.
5:08 of 1st period - Matt Ellis wins face-off versus Travis Oleksuk in Heat zone.
5:15 of 1st period - Wrist shot by Travis Oleksuk.
5:15 of 1st period - Shot Blocked by Matt Ellis.
5:17 of 1st period - Slapshot by Nick Jensen.
5:17 of 1st period - Shot Misses the Net.
5:19 of 1st period - Snap shot by Travis Oleksuk.
5:19 of 1st period - Shot Blocked by Mike Komisarek.
5:21 of 1st period - Wrist shot by Matt Lindblad.
5:21 of 1st period - Shot Misses the Net.
5:55 of 1st period - Eriah Hayes is hit by Tim Jackman and loses puck.
6:11 of 1st period - Minor Penalty to Karl Stollery for Interference.
6:12 of 1st period - Travis Oleksuk wins face-off versus Saku Koivu in Crunch zone.
6:33 of 1st period - Snap shot by Ryan Murphy.
6:33 of 1st period - Stopped by Richard Bachman with a rebound.
6:51 of 1st period - Wrist shot by Andre Petersson.
6:51 of 1st period - Shot Misses the Net.
6:53 of 1st period - Snap shot by Travis Oleksuk.
6:53 of 1st period - Shot Blocked by Tyson Strachan.
7:15 of 1st period - Icing by Sami Vatanen.
7:16 of 1st period - Corban Knight wins face-off versus Johan Larsson in Heat zone.
7:34 of 1st period - Matt Lindblad is hit by J.T. Miller and loses puck.
7:43 of 1st period - Snap shot by J.T. Miller.
7:43 of 1st period - Shot Misses the Net.
7:45 of 1st period - Snap shot by Johan Larsson.
7:45 of 1st period - Shot Misses the Net.
7:51 of 1st period - Snap shot by J.T. Miller.
7:51 of 1st period - Goal by J.T. Miller - Heat : 1 - Crunch : 0.
7:52 of 1st period - Max Reinhart wins face-off versus Casey Wellman in neutral zone.
8:23 of 1st period - Snap shot by Eriah Hayes.
8:23 of 1st period - Shot Blocked by Tyson Strachan.
8:45 of 1st period - Jordin Tootoo is hit by Sven Baertschi and loses puck.
9:32 of 1st period - Snap shot by J.T. Miller.
9:32 of 1st period - Deflect By Nikita Kucherov.
9:32 of 1st period - Shot Misses the Net.
9:32 of 1st period - Puck is out of play.
9:33 of 1st period - Johan Larsson wins face-off versus Corban Knight in Crunch zone.
10:00 of 1st period - Off-side.
10:01 of 1st period - Travis Oleksuk wins face-off versus Radek Dvorak in neutral zone.
10:04 of 1st period - Slapshot by Markus Lauridsen.
10:04 of 1st period - Deflect By Tyson Strachan.
10:04 of 1st period - Stopped by Tomas Vokoun with a rebound.
10:06 of 1st period - Slapshot by Nick Jensen.
10:06 of 1st period - Shot Blocked by Stephane Veilleux.
11:01 of 1st period - Dustin Jeffrey is hit by Ryan Murphy and loses puck.
11:32 of 1st period - Corey Potter is hit by Eriah Hayes and loses puck.
11:43 of 1st period - Snap shot by J.T. Miller.
11:43 of 1st period - Stopped by Richard Bachman without a rebound.
11:44 of 1st period - Johan Larsson wins face-off versus Corban Knight in Crunch zone.
11:52 of 1st period - Minor Penalty to Karl Stollery for Diving.
11:53 of 1st period - Travis Oleksuk wins face-off versus J.T. Miller in Crunch zone.
12:57 of 1st period - Chad Billins is hit by Tyson Strachan and loses puck.
13:42 of 1st period - Corey Potter is hit by Andre Petersson and loses puck.
13:52 of 1st period - Penalty to Karl Stollery is over, Karl Stollery is back on ice.
13:56 of 1st period - Sami Vatanen is hit by Markus Lauridsen and loses puck.
15:01 of 1st period - Eriah Hayes is hit by Tim Jackman and loses puck.
15:08 of 1st period - Slapshot by Matt Ellis.
15:08 of 1st period - Stopped by Richard Bachman with a rebound.
15:10 of 1st period - Wrist shot by Eric Boulton.
15:10 of 1st period - Shot Misses the Net.
15:16 of 1st period - Slapshot by Ryan Murphy.
15:16 of 1st period - Shot Misses the Net.
15:18 of 1st period - Slapshot by Tyson Strachan.
15:18 of 1st period - Stopped by Richard Bachman with a rebound.
15:20 of 1st period - Slapshot by Ryan Murphy.
15:20 of 1st period - Stopped by Richard Bachman with a rebound.
15:44 of 1st period - Snap shot by J.T. Miller.
15:44 of 1st period - Stopped by Richard Bachman with a rebound.
15:54 of 1st period - Snap shot by Corban Knight.
15:54 of 1st period - Stopped by Tomas Vokoun without a rebound.
15:55 of 1st period - Brodie Reid wins face-off versus Saku Koivu in Heat zone.
16:47 of 1st period - Snap shot by Taylor Pyatt.
16:47 of 1st period - Shot Misses the Net.
17:13 of 1st period - Snap shot by Mikael Samuelsson.
17:13 of 1st period - Stopped by Tomas Vokoun with a rebound.
17:15 of 1st period - Slapshot by Markus Lauridsen.
17:15 of 1st period - Shot Blocked by Stephane Veilleux.
17:17 of 1st period - Slapshot by Nick Jensen.
17:17 of 1st period - Stopped by Tomas Vokoun with a rebound.
17:19 of 1st period - Slapshot by Nick Jensen.
17:19 of 1st period - Stopped by Tomas Vokoun with a rebound.
17:21 of 1st period - Snap shot by Andre Petersson.
17:21 of 1st period - Shot Misses the Net.
17:23 of 1st period - Wrist shot by Andre Petersson.
17:23 of 1st period - Shot Misses the Net.
17:33 of 1st period - Slapshot by Mikael Samuelsson.
17:33 of 1st period - Shot Misses the Net.
18:01 of 1st period - Slapshot by J.T. Miller.
18:01 of 1st period - Deflect By Johan Larsson.
18:01 of 1st period - Shot Misses the Net.
18:01 of 1st period - Puck is out of play.
18:02 of 1st period - Travis Oleksuk wins face-off versus Johan Larsson in Crunch zone.
18:05 of 1st period - Wrist shot by J.T. Miller.
18:05 of 1st period - Stopped by Richard Bachman with a rebound.
18:07 of 1st period - Snap shot by Corey Potter.
18:07 of 1st period - Shot Misses the Net.
18:26 of 1st period - Off-side.
18:27 of 1st period - Saku Koivu wins face-off versus Casey Wellman in neutral zone.
18:42 of 1st period - Sven Baertschi is hit by Markus Lauridsen and loses puck.
19:02 of 1st period - Minor Penalty to Matt Carkner for Interference.
19:03 of 1st period - Ryan Strome wins face-off versus Matt Ellis in Heat zone.
19:32 of 1st period - Icing by Chad Billins.
19:33 of 1st period - Ryan Strome wins face-off versus Matt Ellis in Crunch zone.
19:39 of 1st period - Off-side.
19:40 of 1st period - Matt Ellis wins face-off versus Casey Wellman in neutral zone.
19:43 of 1st period - Slapshot by Sami Vatanen.
19:43 of 1st period - Shot Misses the Net.
Goals for this period are 1 for Heat vs 0 for Crunch.
Shots for this period are 11 for Heat vs 10 for Crunch.

2nd period


0:01 of 2nd period - Casey Wellman wins face-off versus Max Reinhart in neutral zone.
0:54 of 2nd period - Matt Ellis is hit by Ryan Strome and loses puck.
1:02 of 2nd period - Penalty to Matt Carkner is over, Matt Carkner is back on ice.
1:07 of 2nd period - Max Reinhart is hit by Ryan Strome and loses puck.
1:28 of 2nd period - Johan Larsson is hit by Taylor Pyatt and loses puck.
1:39 of 2nd period - Taylor Pyatt is hit by Mike Komisarek.
1:47 of 2nd period - Mike Komisarek is hit by Chad Billins and loses puck.
2:30 of 2nd period - Backhand shot by Mikael Samuelsson.
2:30 of 2nd period - Shot Misses the Net.
2:32 of 2nd period - Slapshot by Markus Lauridsen.
2:32 of 2nd period - Stopped by Tomas Vokoun with a rebound.
2:47 of 2nd period - Brodie Reid is hit by Corey Potter and loses puck.
2:54 of 2nd period - Corey Potter is hit by Nick Jensen.
3:09 of 2nd period - Matt Ellis is hit by Brodie Reid and loses puck.
3:28 of 2nd period - Snap shot by Dustin Jeffrey.
3:28 of 2nd period - Shot Misses the Net.
3:51 of 2nd period - Karl Stollery is hit by Stephane Veilleux and loses puck.
4:18 of 2nd period - Mikael Samuelsson is hit by Max Reinhart.
4:22 of 2nd period - Stephane Veilleux is hit by Zach Trotman and loses puck.
4:56 of 2nd period - Matt Lindblad is hit by Johan Larsson and loses puck.
5:07 of 2nd period - Johan Larsson is hit by Matt Lindblad and loses puck.
5:59 of 2nd period - Corban Knight is hit by Matt Carkner and loses puck.
7:03 of 2nd period - Tim Jackman is hit by Casey Wellman and loses puck.
7:32 of 2nd period - Minor Penalty to Casey Wellman for Hooking.
7:33 of 2nd period - Saku Koivu wins face-off versus Travis Oleksuk in Crunch zone.
7:33 of 2nd period - Wrist shot by Tomas Fleischmann.
7:33 of 2nd period - Stopped by Richard Bachman with a rebound.
7:35 of 2nd period - Wrist shot by Corey Potter.
7:35 of 2nd period - Deflect By Markus Lauridsen.
7:35 of 2nd period - Goal by Corey Potter - Heat : 2 - Crunch : 0.
7:36 of 2nd period - Saku Koivu wins face-off versus Corban Knight in neutral zone.
8:13 of 2nd period - Snap shot by Mikael Samuelsson.
8:13 of 2nd period - Shot Misses the Net.
8:37 of 2nd period - Backhand shot by Taylor Pyatt.
8:37 of 2nd period - Shot Blocked by Corey Potter.
8:39 of 2nd period - Slapshot by Taylor Pyatt.
8:39 of 2nd period - Shot Misses the Net.
8:41 of 2nd period - Snap shot by Taylor Pyatt.
8:41 of 2nd period - Shot Misses the Net.
9:07 of 2nd period - Minor Penalty to Casey Wellman for Boarding.
9:08 of 2nd period - Johan Larsson wins face-off versus Travis Oleksuk in Crunch zone.
9:19 of 2nd period - Snap shot by J.T. Miller.
9:19 of 2nd period - Stopped by Richard Bachman with a rebound.
9:58 of 2nd period - Icing by J.T. Miller.
9:59 of 2nd period - Travis Oleksuk wins face-off versus Johan Larsson in Heat zone.
10:40 of 2nd period - Nick Jensen is hit by J.T. Miller and loses puck.
11:07 of 2nd period - Penalty to Casey Wellman is over, Casey Wellman is back on ice.
11:07 of 2nd period - Markus Lauridsen is hit by Saku Koivu and loses puck.
11:43 of 2nd period - Wrist shot by Ryan Strome.
11:43 of 2nd period - Shot Blocked by Matt Carkner.
13:20 of 2nd period - Snap shot by Andre Petersson.
13:20 of 2nd period - Shot Blocked by Ryan Murphy.
13:22 of 2nd period - Snap shot by Corban Knight.
13:22 of 2nd period - Shot Misses the Net.
13:55 of 2nd period - Slapshot by Sami Vatanen.
13:55 of 2nd period - Stopped by Richard Bachman without a rebound.
13:56 of 2nd period - Ryan Strome wins face-off versus Matt Ellis in Crunch zone.
15:01 of 2nd period - Andre Petersson is hit by Sven Baertschi and loses puck.
15:34 of 2nd period - Snap shot by Corey Potter.
15:34 of 2nd period - Stopped by Richard Bachman with a rebound.
15:36 of 2nd period - Snap shot by Matt Ellis.
15:36 of 2nd period - Shot Blocked by Chad Billins.
15:38 of 2nd period - Wrist shot by Matt Ellis.
15:38 of 2nd period - Stopped by Richard Bachman with a rebound.
15:40 of 2nd period - Slapshot by Sami Vatanen.
15:40 of 2nd period - Shot Blocked by Chad Billins.
17:10 of 2nd period - Snap shot by Matt Lindblad.
17:10 of 2nd period - Shot Misses the Net.
17:32 of 2nd period - Slapshot by Nikita Kucherov.
17:32 of 2nd period - Stopped by Richard Bachman with a rebound.
17:34 of 2nd period - Slapshot by Matt Carkner.
17:34 of 2nd period - Deflect By J.T. Miller.
17:34 of 2nd period - Shot Blocked by Danny Syvret.
17:34 of 2nd period - Puck is out of play.
17:35 of 2nd period - Ryan Strome wins face-off versus Johan Larsson in Crunch zone.
17:35 of 2nd period - Ryan Strome is hit by J.T. Miller.
18:03 of 2nd period - Nick Jensen is hit by Mike Komisarek and loses puck.
18:36 of 2nd period - Stephane Veilleux is hit by Markus Lauridsen and loses puck.
18:42 of 2nd period - Off-side.
18:43 of 2nd period - Johan Larsson wins face-off versus Corban Knight in neutral zone.
18:54 of 2nd period - Wrist shot by Johan Larsson.
18:54 of 2nd period - Shot Misses the Net.
18:56 of 2nd period - Slapshot by Corey Potter.
18:56 of 2nd period - Stopped by Richard Bachman without a rebound.
18:57 of 2nd period - Mikael Samuelsson wins face-off versus Johan Larsson in Crunch zone.
19:08 of 2nd period - Wrist shot by Mikael Samuelsson.
19:08 of 2nd period - Deflect By Andre Petersson.
19:08 of 2nd period - Stopped by Tomas Vokoun with a rebound.
19:10 of 2nd period - Minor Penalty to Sami Vatanen for Hooking.
19:11 of 2nd period - Ryan Strome wins face-off versus Max Reinhart in Heat zone.
19:24 of 2nd period - Wrist shot by Jordin Tootoo.
19:24 of 2nd period - Goal by Jordin Tootoo - Heat : 2 - Crunch : 1.
19:25 of 2nd period - Johan Larsson wins face-off versus Mikael Samuelsson in neutral zone.
19:27 of 2nd period - Off-side.
19:28 of 2nd period - Johan Larsson wins face-off versus Corban Knight in neutral zone.
19:40 of 2nd period - Snap shot by J.T. Miller.
19:40 of 2nd period - Shot Blocked by Nick Jensen.
Goals for this period are 1 for Heat vs 1 for Crunch.
Shots for this period are 8 for Heat vs 3 for Crunch.

3rd period


0:01 of 3rd period - Ryan Strome wins face-off versus J.T. Miller in neutral zone.
0:04 of 3rd period - Johan Larsson is hit by Taylor Pyatt.
1:11 of 3rd period - Slapshot by Ryan Murphy.
1:11 of 3rd period - Stopped by Richard Bachman without a rebound.
1:12 of 3rd period - Corban Knight wins face-off versus Max Reinhart in Crunch zone.
1:12 of 3rd period - Corban Knight is hit by Stephane Veilleux.
1:33 of 3rd period - Slapshot by Mikael Samuelsson.
1:33 of 3rd period - Deflect By Andre Petersson.
1:33 of 3rd period - Stopped by Tomas Vokoun with a rebound.
2:19 of 3rd period - Minor Penalty to Chad Billins for Cross-checking.
2:20 of 3rd period - Travis Oleksuk wins face-off versus Saku Koivu in Crunch zone.
2:38 of 3rd period - Snap shot by Tomas Fleischmann.
2:38 of 3rd period - Shot Blocked by Andre Petersson.
2:40 of 3rd period - Slapshot by Corey Potter.
2:40 of 3rd period - Shot Misses the Net.
2:42 of 3rd period - Slapshot by Sami Vatanen.
2:42 of 3rd period - Stopped by Richard Bachman with a rebound.
3:21 of 3rd period - Matt Lindblad is hit by Johan Larsson and loses puck.
3:55 of 3rd period - Off-side.
3:56 of 3rd period - Saku Koivu wins face-off versus Travis Oleksuk in neutral zone.
4:19 of 3rd period - Penalty to Chad Billins is over, Chad Billins is back on ice.
4:37 of 3rd period - Snap shot by Stephane Veilleux.
4:37 of 3rd period - Shot Misses the Net.
4:39 of 3rd period - Slapshot by Stephane Veilleux.
4:39 of 3rd period - Shot Misses the Net.
4:41 of 3rd period - Slapshot by Matt Carkner.
4:41 of 3rd period - Shot Misses the Net.
4:43 of 3rd period - Snap shot by Matt Carkner.
4:43 of 3rd period - Shot Blocked by Danny Syvret.
4:49 of 3rd period - Snap shot by Radek Dvorak.
4:49 of 3rd period - Stopped by Richard Bachman without a rebound.
4:50 of 3rd period - Taylor Pyatt wins face-off versus Matt Ellis in Crunch zone.
5:14 of 3rd period - Snap shot by Jordin Tootoo.
5:14 of 3rd period - Shot Misses the Net.
5:16 of 3rd period - Slapshot by Karl Stollery.
5:16 of 3rd period - Shot Blocked by Tim Jackman.
5:18 of 3rd period - Wrist shot by Jordin Tootoo.
5:18 of 3rd period - Stopped by Tomas Vokoun without a rebound.
5:19 of 3rd period - Casey Wellman wins face-off versus Saku Koivu in Heat zone.
5:25 of 3rd period - Minor Penalty to Ryan Murphy for Roughing.
5:26 of 3rd period - Casey Wellman wins face-off versus Max Reinhart in Heat zone.
5:34 of 3rd period - Backhand shot by Casey Wellman.
5:34 of 3rd period - Shot Misses the Net.
6:00 of 3rd period - Backhand shot by Dustin Jeffrey.
6:00 of 3rd period - Stopped by Tomas Vokoun with a rebound.
6:02 of 3rd period - Slapshot by Casey Wellman.
6:02 of 3rd period - Shot Misses the Net.
6:08 of 3rd period - Minor Penalty to Corey Potter for Hooking.
6:09 of 3rd period - Ryan Strome wins face-off versus Max Reinhart in Heat zone.
6:40 of 3rd period - Slapshot by Matt Carkner.
6:40 of 3rd period - Shot Misses the Net.
6:46 of 3rd period - Wrist shot by Taylor Pyatt.
6:46 of 3rd period - Shot Misses the Net.
7:25 of 3rd period - Penalty to Ryan Murphy is over, Ryan Murphy is back on ice.
7:36 of 3rd period - Matt Carkner is hit by Taylor Pyatt and loses puck.
8:00 of 3rd period - Sami Vatanen is hit by Eriah Hayes and loses puck.
8:08 of 3rd period - Penalty to Corey Potter is over, Corey Potter is back on ice.
8:51 of 3rd period - Snap shot by Mikael Samuelsson.
8:51 of 3rd period - Shot Blocked by Ryan Murphy.
8:53 of 3rd period - Snap shot by Andre Petersson.
8:53 of 3rd period - Stopped by Tomas Vokoun with a rebound.
8:57 of 3rd period - Snap shot by Andre Petersson.
8:57 of 3rd period - Deflect By Corban Knight.
8:57 of 3rd period - Stopped by Tomas Vokoun without a rebound.
8:58 of 3rd period - Travis Oleksuk wins face-off versus Johan Larsson in Heat zone.
9:01 of 3rd period - Snap shot by Travis Oleksuk.
9:01 of 3rd period - Deflect By Matt Lindblad.
9:01 of 3rd period - Stopped by Tomas Vokoun without a rebound.
9:02 of 3rd period - Johan Larsson wins face-off versus Brodie Reid in Heat zone.
9:02 of 3rd period - Johan Larsson is hit by Travis Oleksuk.
9:48 of 3rd period - Icing by Travis Oleksuk.
9:49 of 3rd period - Saku Koivu wins face-off versus Travis Oleksuk in Crunch zone.
9:50 of 3rd period - Snap shot by Tomas Fleischmann.
9:50 of 3rd period - Shot Misses the Net.
9:52 of 3rd period - Slapshot by Corey Potter.
9:52 of 3rd period - Stopped by Richard Bachman with a rebound.
9:54 of 3rd period - Wrist shot by Tomas Fleischmann.
9:54 of 3rd period - Shot Misses the Net.
9:56 of 3rd period - Wrist shot by Tomas Fleischmann.
9:56 of 3rd period - Stopped by Richard Bachman without a rebound.
9:57 of 3rd period - Saku Koivu wins face-off versus Casey Wellman in Crunch zone.
10:17 of 3rd period - Snap shot by Casey Wellman.
10:17 of 3rd period - Shot Blocked by Tomas Fleischmann.
10:31 of 3rd period - Wrist shot by Tomas Fleischmann.
10:31 of 3rd period - Shot Blocked by Dustin Jeffrey.
10:33 of 3rd period - Snap shot by Sven Baertschi.
10:33 of 3rd period - Shot Misses the Net.
10:51 of 3rd period - Wrist shot by Radek Dvorak.
10:51 of 3rd period - Stopped by Richard Bachman without a rebound.
10:52 of 3rd period - Ryan Strome wins face-off versus Max Reinhart in Crunch zone.
11:09 of 3rd period - Taylor Pyatt is hit by Corey Potter and loses puck.
11:38 of 3rd period - Snap shot by Mikael Samuelsson.
11:38 of 3rd period - Stopped by Tomas Vokoun with a rebound.
11:44 of 3rd period - Andre Petersson is hit by Sami Vatanen and loses puck.
11:58 of 3rd period - Corban Knight is hit by J.T. Miller and loses puck.
12:23 of 3rd period - Zach Trotman is hit by Matt Carkner and loses puck.
13:10 of 3rd period - Tyson Strachan is hit by Karl Stollery.
13:25 of 3rd period - Snap shot by Matt Lindblad.
13:25 of 3rd period - Shot Misses the Net.
13:35 of 3rd period - Minor Penalty to Eric Boulton for High sticking.
13:36 of 3rd period - Ryan Strome wins face-off versus Max Reinhart in Heat zone.
13:47 of 3rd period - Snap shot by Jordin Tootoo.
13:47 of 3rd period - Shot Misses the Net.
14:09 of 3rd period - Stephane Veilleux is hit by Chad Billins and loses puck.
15:35 of 3rd period - Penalty to Eric Boulton is over, Eric Boulton is back on ice.
16:12 of 3rd period - Zach Trotman is hit by Tyson Strachan and loses puck.
16:37 of 3rd period - Andre Petersson is hit by Sami Vatanen.
16:52 of 3rd period - Sven Baertschi is hit by Zach Trotman and loses puck.
17:07 of 3rd period - Wrist shot by Andre Petersson.
17:07 of 3rd period - Stopped by Tomas Vokoun with a rebound.
17:43 of 3rd period - Travis Oleksuk is hit by Eric Boulton and loses puck.
18:43 of 3rd period - Mikael Samuelsson is hit by Corey Potter and loses puck.
19:00 of 3rd period - Crunch, Richard Bachman is pulled from the net.
19:06 of 3rd period - Snap shot by Taylor Pyatt.
19:06 of 3rd period - Stopped by Tomas Vokoun with a rebound.
19:14 of 3rd period - Minor Penalty to Corey Potter for Slashing.
19:15 of 3rd period - Casey Wellman wins face-off versus Matt Ellis in Heat zone.
19:20 of 3rd period - Wrist shot by Casey Wellman.
19:20 of 3rd period - Shot Misses the Net.
Goals for this period are 0 for Heat vs 0 for Crunch.
Shots for this period are 6 for Heat vs 9 for Crunch.


Output by the SimonT Hockey Simulator (STHS) for Eric Dolegowski -- Original Page W3C XHTML 1.0 Valid
Hockey Simulator - Hockey Simulation - Hockey Manager